AoeStats
← El_Generalísimo

Arena

508611289Analyzed
1v1 RM · 10d ago on Sep 23, 2026· 29m 10s· 2 players
Game mode
Random Map
Map size
Tiny (2 player)
Population
200
Speed
Normal
Resources
Standard
Victory
Conquest
Starting age
Dark Age
Ending age
Imperial Age
RankedLock teamsTeams togetherTeam positionsShared explorationLock speedFull tech treeHidden civsTurbo modeCheats
Victory
Defeat
🇨🇭 Turks · Switzerland
857
+15
🇪🇸 Spanish · Spain
844
-15
El_Generalísimo
12:02 Feudal Age
16:43 Castle Age
20:27 Loom
lucas.dangelo.20
9:19 Loom
11:05 Feudal Age
12:46 Double-Bit Axe
15:38 Castle Age
15:02 Gold Mining
17:03 Bow Saw
22:06 Wheelbarrow
27:33 Imperial Age
26:59 Gold Shaft Mining
Connection lost

Rejoining the realm…

Still unreachable

The connection could not be restored.

Session expired

The server has moved on; the page needs a fresh start.